 Dungeon Crawl Stone Soup version 0.28.0-49-g6dfe1f597d (webtiles) character file.

Game seed: 792830751166223396

4 NinjaNoafa the Firebug (level 1, -1/16 HPs)
             Began as an Ogre Fire Elementalist on May 12, 2022.
             Frozen to death by an endoplasm (4 damage)
             ... on level 1 of the Dungeon.
             The game lasted 00:00:52 (158 turns).

NinjaNoafa the Firebug (Ogre Fire Elementalist)      Turns: 158, Time: 00:00:53

Health: -1/16      AC:  3    Str: 11    XL:     1   Next: 60%
Magic:  2/4        EV:  9    Int: 16    God:
Gold:   0          SH:  0    Dex:  9    Spells: 4/5 levels left

rFire   . . .      SeeInvis .   (no weapon)
rCold   . . .      Faith    .   (no shield)
rNeg    . . .      Spirit   .   a - +0 robe
rPois   .          Reflect  .   (helmet restricted)
rElec   .          Harm     .   (no cloak)
rCorr   .          Rampage  .   (gloves unavailable)
Will    .....                   (boots unavailable)
Stlth   +.........              (no amulet)
HPRegen 0.05/turn               (no ring)
MPRegen 0.09/turn               (no ring)

@: no status effects
A: large, unfitting armour, tough skin 1
a: no special abilities


You were on level 1 of the Dungeon.
You visited 1 branch of the dungeon, and saw 1 of its levels.

Inventory:

Armour
 a - a +0 robe (worn)


   Skills:
 - Level 1.7 Dodging
 - Level 1.4 Stealth
 + Level 2.5 Spellcasting
 * Level 1.1 Conjurations
 * Level 2.8 Fire Magic


You had 4 spell levels left.
You knew the following spells:

 Your Spells              Type           Power      Damage    Failure   Level
a - Foxfire               Conj/Fire      32%        2x1d5     9%          1

Your spell library contained the following spells:

 Spells                   Type           Power      Damage    Failure   Level
 Scorch                   Fire           22%        2d6       10%         2
 Conjure Flame            Conj/Fire      8%         6-21      26%         3
 Inner Flame              Hex/Fire       6%         N/A       32%         3
 Flame Wave               Conj/Fire      8%         2d5       65%         4


Dungeon Overview and Level Annotations

Branches:
Dungeon (1/15)

Altars:


Innate Abilities, Weirdness & Mutations

You are too large for most types of armour.
You have tough skin. (AC +1)


Message History

The giant cockroach bites you but does no damage.
The giant cockroach bites you.
The giant cockroach waves its antennae.
The giant cockroach bites you but does no damage.
The giant cockroach bites you. The giant cockroach bites you.
The giant cockroach barely misses you. The giant cockroach barely misses you.
The giant cockroach barely misses you.
Found a stone staircase leading down.
The giant cockroach bites you but does no damage.
There is a stone staircase leading down here.
A ball python comes into view.
Found a viscous inky potion.
Found 11 gold pieces.
The giant cockroach barely misses you.
Found a cloak.
An endoplasm comes into view.
Found a whip.
The endoplasm quivers.
Casting: Foxfire (safe; 9% risk of failure)
Confirm with . or Enter, or press ? or * to list all spells.
You conjure some foxfire!
The ball python hisses angrily.
The giant cockroach bites you but does no damage.
The ball python bites you but does no damage.
The giant cockroach barely misses you.
The foxfire hits the giant cockroach.
The giant cockroach is moderately wounded.
The foxfire hits the ball python.
You kill the ball python!
The endoplasm freezes you.
You are frozen.
* * * LOW HITPOINT WARNING * * *
The kobold throws a stone.
The stone barely misses you.
Casting: Foxfire (safe; 9% risk of failure)
Confirm with . or Enter, or press ? or * to list all spells.
You conjure some foxfire!
The giant cockroach bites you.
* * * LOW HITPOINT WARNING * * *
The endoplasm freezes you.
You are frozen.
You die...

#########
#.......#
#.......#
#.......#
#.[.....#
#.....v.##
#....v@.$#
#....JB..#
#.....KK.####
#...........#
#......!....#
#.....).#.#.#
#.#...#.#...##
...#####.#....#
#. #.#..#.#


You could see an endoplasm (ally target), a giant cockroach (ally target) and 2
kobolds.

Vanquished Creatures
  A dart slug (D:1)
  A ball python (D:1)
  A kobold (D:1)
3 creatures vanquished.

Vanquished Creatures (others)
  12 foxfires (D:1)
12 creatures vanquished.

Grand Total: 15 creatures vanquished

Notes
Turn   | Place    | Note
-------+----------+-------------------------------------------
     0 | D:1      | NinjaNoafa the Ogre Fire Elementalist began the quest for
                  | the Orb.
     0 | D:1      | Reached XP level 1. HP: 16/16 MP: 3/3
    40 | D:1      | Reached skill level 1 in Conjurations
   158 | D:1      | Frozen to death by an endoplasm

Illustrated notes

Levels and vault maps discovered:
D:1:      minmay_arrival_jagged, layout_basic, minmay_worlds_worst_comb

Skill      XL: |  1 |
---------------+----+-----
Conjurations   | 1 |  1.1
Dodging        | |  1.7
Stealth        | |  1.4
Spellcasting   | |  2.5
Fire Magic     | |  2.8

Action                   || total
-------------------------++-------
 Cast: Foxfire           ||     8
Armor: Robe              ||    10
Dodge: Dodged            ||    11
